Map: World of Sleepers LE

Players

INnoVation - Winner!

  • Race: Terran Terran
  • League: Grandmaster
  • Spawn Location: 1:00

soO

  • Race: Zerg Zerg
  • Spawn Location: 7:00

VOD

Have the link to the VOD?

Description

Time

  • Played on: Jan. 16, 2020, 5:12 a.m.
  • Length: 19:45
Show
View Real Time Build Order
Export as new Build Order

INnoVation Terran - Winner!

Build Orders: Reaper Expand, Mech 

Get SALT Encoding   

  12  0:00  SCV  
  13  0:12  SCV  
  14  0:17  Supply Depot  
  14  0:24  SCV  
  15  0:38  SCV  
  15  0:39  Barracks  
  16  0:43  Refinery  
  16  0:50  SCV  
  17  1:02  SCV  
  18  1:14  SCV  
  19  1:26  Orbital Command, Reaper  
  20  1:40  Command Center  
  20  1:49  Supply Depot  
  20  1:52  SCV  
  21  1:58  Marine  
  22  2:04  SCV  
  22  2:08  Factory  
  23  2:16  SCV  
  23  2:20  Barracks Reactor  
  24  2:28  SCV  
  25  2:40  Command Center  
  25  2:41  SCV  
  26  2:51  Orbital Command  
  26  2:54  SCV  
  26  2:57  Refinery  
  27  3:05  Starport  
  27  3:08  SCV  
  28  3:14  Hellion  
  28  3:18  Hellion  
  32  3:21  SCV  
  32  3:23  SCV  
  34  3:35  SCV x2  
  36  3:42  Viking  
  36  3:43  Hellion x2  
  42  3:48  SCV x2  
  42  3:52  Orbital Command  
  44  3:55  Fusion Core  
  44  4:00  SCV  
  44  4:01  SCV  
  46  4:05  Refinery  
  46  4:08  Refinery  
  46  4:12  SCV  
  46  4:13  SCV  
  46  4:14  Starport Tech Lab  
  46  4:15  Supply Depot  
  48  4:20  Hellion x2  
  52  4:25  SCV x2  
  54  4:36  Orbital Command  
  54  4:37  SCV x2  
  54  4:38  Supply Depot  
  56  4:42  Battlecruiser  
  62  4:51  SCV x2  
  64  4:57  Supply Depot  
  64  5:01  Factory  
  64  5:03  SCV x2, Supply Depot  
  64  5:04  Factory  
  66  5:08  SCV  
  67  5:15  SCV x2  
  67  5:20  SCV  
  70  5:21  Weapon Refit  
  70  5:27  SCV x2  
  72  5:30  Hellion x2  
  72  5:31  Barracks Tech Lab  
  72  5:32  SCV  
  72  5:35  Supply Depot  
  76  5:39  SCV x2, Refinery x2  
  78  5:44  SCV  
  78  5:47  Battlecruiser, Factory Tech Lab  
  85  5:51  SCV x2  
  85  5:56  SCV  
  88  6:00  Siege Tank  
  88  6:01  Hellion x2  
  95  6:06  Supply Depot  
  95  6:08  Supply Depot, Siege Tank  
  95  6:09  SCV x3  
  101  6:16  Engineering Bay  
  101  6:24  Armory  
  101  6:27  SCV x3  
  101  6:29  Armory  
  104  6:35  Siege Tank  
  104  6:36  Supply Depot  
  104  6:37  Supply Depot  
  107  6:40  Siege Tank  
  107  6:41  SCV x2  
  107  6:42  SCV  
  113  6:53  SCV x2  
  116  6:54  SCV  
  116  6:59  Supply Depot  
  116  7:01  Supply Depot, Battlecruiser  
  116  7:04  Missile Turret  
  122  7:08  SCV  
  122  7:09  SCV x2  
  122  7:13  Missile Turret  
  122  7:14  Terran Vehicle Weapons Level 1  
  125  7:16  Terran Vehicle And Ship Armor Level 1  
  125  7:17  Siege Tank  
  125  7:21  Siege Tank  
  131  7:28  Supply Depot x2  
  131  7:36  Missile Turret  
  131  7:37  Missile Turret  
  131  7:38  Missile Turret  
  131  7:40  Barracks Reactor  
  131  7:43  Hellion  
  131  7:44  Factory x2, Hellion  
  135  7:55  Command Center  
  135  7:58  Sensor Tower  
  135  7:59  Siege Tank  
  135  8:02  Infernal Pre-Igniter  
  140  8:06  Hellion x2  
  142  8:13  Missile Turret  
  138  8:27  Starport Reactor  
  138  8:32  Siege Tank x2  
  144  8:36  Hellion x2  
  144  8:37  Command Center  
  144  8:40  Missile Turret  
  148  8:51  Smart Servos  
  148  8:54  Hellion x2  
  152  8:57  Supply Depot x2, Hellion x2  
  152  8:58  Supply Depot  
  152  9:01  Thor  
  162  9:06  Missile Turret  
  162  9:07  Terran Vehicle Weapons Level 2  
  162  9:09  Terran Vehicle And Ship Armor Level 2  
  162  9:13  Thor  
  162  9:32  Thor  
  162  9:33  Hellion  
  162  9:34  SCV, Hellion x3  
  162  9:35  SCV x2  
  179  9:48  SCV  
  179  9:49  SCV x2, Supply Depot  
  182  9:53  Thor  
  182  9:56  Thor  
  182  9:58  Planetary Fortress  
  194  10:01  Refinery  
  194  10:05  SCV x3  
  197  10:12  Hellion x4  
  196  10:15  Siege Tank  
  196  10:19  SCV  
  196  10:20  Hellion x22  
  200  10:24  Sensor Tower  
  200  10:43  Refinery  
  200  10:45  Factory  
  200  10:46  Factory  
  200  10:48  Refinery  
  200  10:49  Factory  
  197  10:57  Siege Tank  
  197  11:00  Planetary Fortress  
  200  11:04  Missile Turret x2  
  200  11:06  Missile Turret x2  
  200  11:20  Missile Turret  
  200  11:23  Missile Turret, Hellion x24  
  200  11:24  Missile Turret  
  200  11:25  Missile Turret  
  199  11:31  Factory Tech Lab x2  
  199  11:32  Factory Reactor  
  196  11:41  Siege Tank x3  
  199  11:47  Missile Turret  
  199  11:48  Terran Vehicle Weapons Level 3  
  199  11:49  Terran Vehicle And Ship Armor Level 3  
  199  11:51  Command Center x2  
  193  12:00  Thor  
  193  12:01  Thor  
  175  12:11  Medivac x2  
  179  12:26  Thor x3  
  198  12:30  Hellion x2  
  198  12:32  SCV x2  
  200  12:54  Supply Depot x2  
  200  12:55  Command Center  
  197  13:13  Thor  
  197  13:15  Siege Tank  
  200  13:23  Neosteel Armor  
  200  13:25  Orbital Command x2  
  200  13:32  Command Center  
  200  13:34  Command Center  
  200  13:38  Siege Tank x2  
  200  13:39  Thor  
  200  13:40  Hellion  
  182  13:45  Hellion  
  182  13:46  Thor  
  190  13:49  Hellion x4  
  198  14:05  Siege Tank  
  198  14:12  Hellion  
  200  14:22  Advanced Ballistics  
  200  14:25  Starport  
  200  14:26  Terran Ship Weapons Level 1  
  200  14:27  Starport  
  182  14:47  Thor x2  
  182  14:48  Thor x3  
  182  14:49  Hellion x3  
  200  15:01  Orbital Command  
  200  15:03  Hi-Sec Auto Tracking  
  200  15:05  Starport Reactor  
  200  15:06  Starport Reactor  
  200  15:15  Missile Turret  
  200  15:17  Sensor Tower  
  195  15:50  Thor  
  195  15:51  Siege Tank x3  
  195  15:52  Hellion x3  
  175  16:02  SCV x2  
  175  16:03  SCV x2  
  177  16:07  Siege Tank  
  177  16:08  Hellion  
  177  16:09  Hellion x2  
  186  16:13  Hellion  
  186  16:16  Refinery  
  186  16:17  SCV x2  
  186  16:18  SCV x2  
  192  16:22  Command Center  
  192  16:23  Siege Tank x2  
  192  16:24  Sensor Tower  
  198  16:26  Terran Ship Weapons Level 2  
  198  16:31  Hellion  
  196  16:53  Command Center  
  196  17:02  Hellion x2  
  196  17:04  Hellion  
  196  17:06  Planetary Fortress  
  175  17:23  Siege Tank  
  175  17:24  Thor x2, Siege Tank x2  
  175  17:26  Hellion x6  
  175  17:27  Refinery  
  175  17:29  Refinery  
  182  17:37  Planetary Fortress  
  182  17:38  SCV x3  
  182  17:39  SCV  
  186  17:47  Hellion  
  186  17:48  Hellion  
  186  17:50  Hellion  
  192  17:52  Hellion  
  192  17:55  Thor  
  187  18:07  Siege Tank x2  
  187  18:10  Thor x2  
  187  18:11  Hellion x2  
  187  18:12  Hellion x2  
  197  18:20  SCV x5  
  198  18:38  Thor  
  198  18:39  Thor  
  200  18:44  Thor  
  200  18:45  Hellion x4  
  184  18:53  Thor x2  
  188  18:56  Hellion  
  190  19:10  SCV  
  190  19:14  Refinery  
  191  19:18  Hellion x2  
  191  19:21  Hellion  
  191  19:22  Hellion  
  199  19:34  Missile Turret  
  199  19:36  Missile Turret x4  
  199  19:38  Missile Turret x2  
  199  19:39  Missile Turret  
Show
View Real Time Build Order
Export as new Build Order

soO Zerg 

Build Orders: Hatch First, Swarm Host 

Get SALT Encoding   

  12  0:00  Drone  
  13  0:12  Overlord  
  13  0:16  Drone  
  14  0:30  Drone x2  
  16  0:47  Hatchery  
  15  0:50  Drone  
  15  0:54  Drone  
  15  0:57  Drone  
  18  1:08  Extractor  
  17  1:12  Spawning Pool  
  17  1:17  Drone  
  17  1:20  Drone  
  18  1:27  Drone  
  19  1:38  Drone  
  20  1:49  Overlord  
  20  1:59  Queen x2  
  20  2:00  Zergling x4  
  26  2:09  Drone  
  26  2:10  Drone  
  28  2:21  Hatchery  
  27  2:29  Metabolic Boost  
  27  2:30  Drone  
  27  2:34  Drone  
  29  2:40  Queen  
  29  2:43  Drone  
  32  2:47  Overlord  
  32  2:50  Drone  
  33  2:54  Drone x2  
  35  3:00  Drone  
  36  3:07  Drone x2  
  36  3:08  Drone  
  36  3:11  Drone  
  40  3:13  Overlord  
  40  3:19  Queen  
  42  3:21  Drone x2  
  44  3:32  Drone  
  45  3:34  Queen  
  45  3:35  Drone  
  45  3:37  Zergling x2  
  45  3:38  Drone  
  50  3:41  Drone  
  50  3:43  Drone, Overlord  
  50  3:44  Drone  
  53  3:49  Zergling x4  
  53  3:51  Overlord  
  55  3:57  Queen  
  55  4:01  Drone  
  58  4:05  Drone  
  58  4:06  Drone  
  58  4:07  Drone  
  58  4:08  Lair  
  58  4:09  Drone  
  62  4:14  Drone x2  
  62  4:16  Drone  
  62  4:17  Drone x2  
  66  4:20  Extractor  
  66  4:24  Overlord  
  66  4:25  Drone x2  
  66  4:31  Roach Warren  
  67  4:33  Overlord  
  67  4:34  Overlord  
  67  4:38  Extractor  
  66  4:39  Extractor  
  66  4:40  Overlord  
  66  4:42  Drone x2  
  66  4:44  Drone x3  
  70  4:46  Drone  
  70  4:51  Drone x2  
  70  4:52  Drone x2  
  75  4:55  Drone x4  
  75  4:57  Drone  
  80  5:04  Drone  
  80  5:11  Drone x2  
  80  5:12  Glial Reconstitution, Drone x2  
  84  5:15  Spore Crawler, Overseer  
  84  5:16  Spore Crawler  
  84  5:18  Queen  
  84  5:19  Spore Crawler, Extractor  
  84  5:20  Roach x2  
  88  5:21  Roach  
  88  5:22  Extractor  
  88  5:25  Queen  
  89  5:32  Spire  
  89  5:35  Drone x2  
  90  5:36  Evolution Chamber  
  90  5:38  Drone x2  
  90  5:40  Roach x2  
  95  5:43  Drone  
  95  5:44  Drone  
  95  5:46  Overlord x2  
  97  5:50  Overlord  
  97  5:57  Overlord x2  
  97  6:04  Zerg Missile Weapons Level 1  
  97  6:05  Overlord  
  97  6:13  Drone x2  
  97  6:14  Roach x4  
  97  6:17  Drone  
  108  6:29  Hatchery, Drone  
  108  6:43  Corruptor x8  
  108  6:46  Corruptor  
  124  6:54  Corruptor, Infestation Pit  
  125  6:58  Drone  
  128  7:03  Overlord  
  128  7:07  Zerg Flyer Weapons Level 1  
  128  7:09  Overlord  
  128  7:13  Extractor  
  127  7:18  Extractor  
  126  7:23  Drone  
  126  7:24  Drone x2  
  126  7:26  Drone x3  
  132  7:35  Corruptor x3  
  132  7:36  Overlord  
  134  7:53  Swarm Host x8  
  158  8:00  Zerg Missile Weapons Level 2  
  158  8:02  Overlord  
  158  8:03  Overlord  
  158  8:10  Spine Crawler  
  157  8:12  Swarm Host  
  157  8:13  Swarm Host x2  
  157  8:14  Overlord x2  
  157  8:15  Overlord  
  157  8:16  Spine Crawler  
  157  8:18  Swarm Host  
  168  8:25  Swarm Host x3  
  177  8:30  Swarm Host  
  177  8:33  Overlord  
  180  8:37  Baneling Nest  
  178  8:51  Roach  
  178  8:52  Roach x9  
  197  9:26  Hatchery  
  197  9:30  Ravager x4  
  200  9:32  Centrifical Hooks  
  200  9:34  Hive  
  200  9:35  Zerg Flyer Weapons Level 2  
  195  9:56  Roach, Ravager  
  198  10:13  Corruptor x2  
  198  10:16  Zerg Melee Weapons Level 1  
  198  10:17  Ravager  
  199  11:14  Hatchery  
  199  11:17  Spine Crawler, Overseer, Extractor  
  196  11:18  Spine Crawler  
  196  11:21  Zergling x2  
  196  11:22  Zergling x6  
  187  11:46  Ravager x2  
  189  11:47  Baneling x8  
  176  12:10  Zergling x16, Zerg Missile Weapons Level 3  
  176  12:11  Ravager  
  176  12:12  Ravager  
  176  12:15  Roach x4  
  194  12:16  Zergling x4, Roach x2  
  194  12:20  Evolution Chamber  
  199  12:24  Zerg Flyer Weapons Level 3  
  199  12:33  Ravager  
  200  12:39  Baneling x12  
  200  13:00  Extractor, Zerg Melee Weapons Level 2  
  200  13:04  Extractor  
  198  13:07  Hatchery  
  198  13:08  Spire  
  198  13:09  Hatchery  
  195  13:21  Neural Parasite  
  195  13:23  Zergling x10  
  200  13:31  Baneling x8  
  175  13:44  Zergling x2  
  175  13:45  Zergling x22  
  187  13:49  Corruptor x3  
  193  14:09  Baneling x13  
  193  14:13  Roach x3  
  199  14:24  Greater Spire  
  175  14:57  Zergling x2  
  175  14:58  Zergling x32  
  192  15:00  Baneling x6  
  192  15:01  Zerg Flyer Armor Level 1  
  192  15:05  Zergling x12  
  192  15:06  Zergling x4  
  192  15:55  Zergling x22  
  174  16:07  Corruptor x2  
  174  16:11  Zergling x22, Roach x3  
  189  16:13  Drone x2  
  189  16:14  Drone x3  
  200  16:23  Zerg Melee Weapons Level 3  
  200  16:24  Zerg Ground Armor Level 1  
  192  16:40  Baneling x9  
  192  16:47  Baneling x11  
  192  17:06  Zergling x2  
  192  17:07  Zergling x14  
  179  17:28  Brood Lord  
  179  17:29  Brood Lord x5  
  177  17:36  Zergling x22, Roach x9  
  198  17:48  Baneling x3  
  173  18:09  Zergling x22  
  173  18:11  Zergling x28  
  185  18:18  Zergling x30  
  198  18:23  Corruptor x3  
  195  18:28  Overlord  
  125  18:41  Corruptor x15  
  125  18:45  Queen x2  
  117  19:21  Roach Warren  
Tags
 
Add a new tag
Caveats
  • Supply blocks, unpowered buildings, or Contaminate may cause inaccurate times.
  • Supply counts are checked every 10 seconds.